 Dungeon Crawl Stone Soup version 0.30-a0-2-gf48d83f5e2 (webtiles) character file.

Game seed: 2463817184061338126

5915 KleinerIrrer the Black Belt (level 10, 0/63 HPs)
             Began as an Octopode Monk on Aug 19, 2022.
             Was an Initiate of Gozag.
             Slain by a killer bee (4 damage)
             ... on level 8 of the Dungeon.
             The game lasted 00:26:33 (11716 turns).

KleinerIrrer the Black Belt (Octopode Monk)        Turns: 11716, Time: 00:26:34

Health: 0/63       AC:  1    Str: 14    XL:     10   Next: 83%
Magic:  10/10      EV: 18    Int: 17    God:    Gozag
Gold:   544        SH:  5    Dex: 14    Spells: 9/9 levels left

rFire   . . .      SeeInvis .    s - +7 dagger "Okot" {elec, rPois Str+3}
rCold   . . .      Faith    .    (no shield)
rNeg    . . .      Spirit   .    (helmet restricted)
rPois   +          Reflect  +    c - amulet of reflection
rElec   .          Harm     .    n - +4 ring of evasion
rCorr   .          Rampage  .    (no ring)
Will    +....                    (no ring)
Stlth   ++++......               (no ring)
HPRegen 0.20/turn                (no ring)
MPRegen 0.12/turn                (no ring)
                                 (no ring)
                                 (no ring)

@: mighty, lethally poisoned (0 -> -10)
A: almost no armour, amphibious, 8 rings, camouflage 1, gelatinous body 1,
(nimble swimmer 1), tentacles, strong-willed 1, subdued magic 1
a: Renounce Religion, Potion Petition, Call Merchant, Bribe Branch


You were on level 8 of the Dungeon.
You worshipped Gozag.
Gozag was pleased with you.
You visited 2 branches of the dungeon, and saw 10 of its levels.
You also visited: Sewer.

You collected 544 gold pieces.

Inventory:

Hand Weapons
 s - the +7 dagger "Okot" (weapon) {elec, rPois Str+3}
   (You found it on level 4 of the Dungeon)

   It occasionally discharges a powerful burst of electricity upon striking a
   foe.
   Str:       It affects your strength (+3).
   rPois:     It protects you from poison.
Missiles
 i - 15 poisoned darts (quivered)
Jewellery
 c - an amulet of reflection (around mantle)
 n - a +4 ring of evasion (left tentacle)
 A - the amulet "Wovaohid" {Faith MP+9 Dex+2}
   (You found it on level 8 of the Dungeon)

   [amulet of faith]

   It allows you to gain divine favour quickly.
   Dex:       It affects your dexterity (+2).
   MP:        It affects your magic capacity (+9).
Wands
 d - a wand of roots (11)
 h - a wand of mindburst (15)
Scrolls
 b - 5 scrolls of teleportation
 l - a scroll of butterflies {unknown}
 q - a scroll of immolation {unknown}
 r - a scroll of brand weapon
 u - 2 scrolls of enchant weapon {unknown}
 v - a scroll of fear {unknown}
 w - 4 scrolls of enchant armour {unknown}
 y - 2 scrolls of amnesia {unknown}
 z - a scroll of identify
Potions
 a - a potion of ambrosia
 e - a potion of cancellation {unknown}
 f - a potion of lignification {unknown}
 g - 3 potions of attraction
 k - a potion of curing
 m - a potion of haste
 o - 3 potions of mutation
 p - 2 potions of flight
 t - 2 potions of brilliance {unknown}
 x - 2 potions of magic {unknown}
Miscellaneous
 B - a condenser vane


   Skills:
 - Level 3.0 Fighting
 - Level 3.0 Dodging
 - Level 5.0 Stealth
 + Level 15.6 Unarmed Combat


You had 9 spell levels left.
You didn't know any spells.
Your spell library contained the following spells:

 Spells                   Type           Power      Damage    Failure   Level
 Sting                    Tmut/Pois      0%         1d3       21%         1
 Summon Small Mammal      Summ           0%         N/A       21%         1
 Poisonous Vapours        Pois/Air       0%         N/A       30%         2
 Call Canine Familiar     Summ           0%         N/A       52%         3
 Summon Guardian Golem    Hex/Summ       0%         N/A       52%         3
 Olgreb's Toxic Radiance  Pois           0%         N/A       91%         4


Dungeon Overview and Level Annotations

Branches:
Dungeon (9/15)             Temple (1/1) D:7           Sewer (visited)
   Lair: D:8-11         Orc: D:9-12

Altars:
Ashenzari
Cheibriados
Dithmenos
Elyvilon
Fedhas
Gozag
Hepliaklqana
Kikubaaqudgha
Makhleb
Nemelex Xobeh
Okawaru
Qazlal
Sif Muna
Trog
Uskayaw
Vehumet
Wu Jian
Xom
Yredelemnul
The Shining One

Shops:
D:3 *   D:4 *

Annotations:
D:3 Pargi
D:4 Natasha
D:7 3 runed translucent doors, stringoo's ghost, novice OpGl


Innate Abilities, Weirdness & Mutations

You cannot wear most types of armour.
You are amphibious.
You can wear up to eight rings at the same time.
Your skin changes colour to match your surroundings (Stealth+).
Your rubbery body absorbs attacks. (AC +1, EV +1)
((You are camouflaged when in or above water. (Stealth+)))
You have tentacles for arms and can constrict up to eight enemies at once.
You are strong-willed. (Will+)
Your spells are a little easier to cast, but a little less powerful.


Message History

* * * LOW HITPOINT WARNING * * *
The killer bee stings you!
* * * LOW HITPOINT WARNING * * *
The killer bee is distracted by your dazzling golden aura.
You block the killer bee's attack.
You feel better.
The killer bee is no longer distracted by gold.
The killer bee is distracted by your dazzling golden aura.
The killer bee closely misses you. You block the killer bee's attack.
You closely miss the killer bee. Your grab misses the killer bee.
The killer bee barely misses you. The killer bee misses you.
You hit the killer bee.
Lightning courses through the killer bee!
Your grab misses the killer bee.
The killer bee is almost dead.
The killer bee closely misses you. The killer bee stings you.
* * * LOW HITPOINT WARNING * * *
You are poisoned.
The killer bee poisons you!
You feel very mighty all of a sudden.
You feel sick.
The killer bee is no longer distracted by gold.
The killer bee completely misses you. The killer bee stings you.
* * * LOW HITPOINT WARNING * * *
The killer bee misses you. You block the killer bee's attack.
You feel better. The killer bee closely misses you.
You block the killer bee's attack. The killer bee stings you!
* * * LOW HITPOINT WARNING * * *
The killer bee closely misses you.
You puncture the killer bee!
You kill the killer bee!
The killer bee closely misses you. x2
Unknown command.
You miss the killer bee. Your grab misses the killer bee.
The killer bee stings you.
* * * LOW HITPOINT WARNING * * *
You are lethally poisoned!
The killer bee poisons you! The killer bee stings you.
You die...
Your body crumbles into a pile of gold.

#.# ##...## #....... #####.#
##...## #.......
#.....#######..#.)# #.##?##.
#.............###)# #.##.##.
#####.......####..#.)#####.##....
≈≈≈≈#.......####....#.(......###>
§≈≈≈#........)....)))...##.#.###)
.≈≈≈#........###$##)#.####.......
..§≈#..........y@##.#.##.....####
...§#........#####.)#.##.#.###
...≈#........# ##.#)#.##.#.#
⌠..§#........# #.###.......#
...≈#........# ##.#.####.###
..§≈#####.#### #.....##...###
..§§# #.# #.....##.#...# §≈§≈#
#.# #.....##...#.# ≈§§≈# #.#
#.....######.#


You could see a killer bee.

Vanquished Creatures
  Pikel (D:6)
  A wraith (D:8)
  12 yaks
  Menkaure (D:6)
  A steam dragon (D:8)
  A water moccasin (D:8)
  3 orc warriors
  Duvessa (D:7)
  A sky beast (D:6)
  4 black bears
  2 ice beasts
  2 phantoms
  A kobold brigand (D:8)
  5 bullfrogs
  A necrophage (D:5)
  A scorpion (D:4)
  Dowan (D:7)
  A wight (D:8)
  5 killer bees
  A howler monkey (D:9)
  A lava snake (D:8)
  A quasit (D:7)
  2 jellies
  4 orc priests
  5 hounds
  3 gnoll boudas
  Natasha (D:4)
  5 iguanas (D:6)
  6 orc wizards
  15 gnolls
  9 adders
  3 river rats (Sewer)
  A shadow imp (D:7)
  3 white imps
  3 ufetubi
  A dart slug (D:2)
  27 orcs
  15 ball pythons
  4 bats
  6 endoplasms
  10 giant cockroaches
  9 goblins
  4 hobgoblins
  5 jackals
  9 kobolds
  2 quokkas (D:5)
  4 frilled lizards (Sewer)
  5 goblin zombies (D:7)
  2 hobgoblin zombies (D:7)
  A kobold skeleton (D:7)
  A kobold zombie (D:7)
  An orc skeleton (D:7)
  An orc zombie (D:7)
  19 rats
234 creatures vanquished.

Vanquished Creatures (others)
  2 fungi (D:7)
  5 plants
7 creatures vanquished.

Grand Total: 241 creatures vanquished

Notes
Turn   | Place    | Note
-------+----------+-------------------------------------------
     0 | D:1      | KleinerIrrer the Octopode Monk began the quest for the Orb.
     0 | D:1      | Reached XP level 1. HP: 16/16 MP: 1/1
   219 | D:1      | Reached XP level 2. HP: 21/21 MP: 2/2
   631 | D:1      | Found a faded altar of an unknown god.
   655 | D:1      | Reached skill level 4 in Unarmed Combat
   783 | D:1      | Reached XP level 3. HP: 26/26 MP: 3/3
  1640 | D:3      | Found Weided's Assorted Antiques.
  1662 | D:3      | Reached XP level 4. HP: 29/31 MP: 4/4
  1696 | D:3      | Noticed Pargi
  1793 | D:4      | Reached skill level 5 in Unarmed Combat
  1957 | D:4      | Identified the +7 dagger "Okot" {elec, rPois Str+3}
  2100 | D:4      | Noticed a black bear
  2146 | D:4      | Noticed Natasha
  2154 | D:4      | Killed Natasha
  2155 | D:4      | Reached XP level 5. HP: 30/36 MP: 5/5
  2200 | D:4      | Found Pyfat's Lightly-Used Armoury.
  2658 | D:4      | Reached skill level 6 in Unarmed Combat
  3003 | D:4      | Reached XP level 6. HP: 39/42 MP: 6/6
  3252 | D:5      | Entered Level 5 of the Dungeon
  3254 | D:5      | Noticed a black bear
  3329 | D:5      | Killed a black bear
  3330 | D:5      | Reached skill level 7 in Unarmed Combat
  3625 | D:5      | Reached XP level 7. HP: 41/46 MP: 7/7
  3736 | D:5      | Found a glowing drain.
  3744 | Sewer    | Entered a sewer
  3885 | Sewer    | Reached skill level 8 in Unarmed Combat
  4634 | D:5      | Found an ornate altar of the Wu Jian Council.
  4697 | D:5      | Reached skill level 9 in Unarmed Combat
  4759 | D:5      | Reached XP level 8. HP: 34/52 MP: 8/8
  5150 | D:5      | Found a shimmering blue altar of Sif Muna.
  5317 | D:4      | Reached skill level 5 in Stealth
  5539 | D:4      | Noticed Natasha
  5581 | D:6      | Noticed a yak
  5581 | D:6      | Noticed a yak
  5581 | D:6      | Noticed a yak
  5581 | D:6      | Noticed a yak
  5581 | D:6      | Noticed a yak
  5581 | D:6      | Noticed a yak
  5647 | D:6      | Found a stormy altar of Qazlal.
  5685 | D:6      | Noticed a yak
  5849 | D:6      | Reached skill level 10 in Unarmed Combat
  5968 | D:6      | Noticed Menkaure
  5983 | D:6      | Killed Menkaure
  6004 | D:6      | Noticed Pikel
  6010 | D:6      | Killed Pikel
  6011 | D:6      | Reached skill level 11 in Unarmed Combat
  6011 | D:6      | Reached XP level 9. HP: 56/56 MP: 9/9
  6100 | D:6      | Reached skill level 12 in Unarmed Combat
  6128 | D:6      | HP: 1/56 [yak (17)]
  6137 | D:6      | Gained mutation: You occasionally lose the ability to read
                  | scrolls when taking damage. [potion of mutation]
  6137 | D:6      | Gained mutation: You sometimes lose your temper in combat.
                  | [potion of mutation]
  6138 | D:6      | Lost mutation: You occasionally lose the ability to read
                  | scrolls when taking damage. [potion of mutation]
  6138 | D:6      | Lost mutation: You sometimes lose your temper in combat.
                  | [potion of mutation]
  6138 | D:6      | Gained mutation: Your spells are a little easier to cast,
                  | but a little less powerful. [potion of mutation]
  6138 | D:6      | Gained mutation: You are strong-willed. (Will+) [potion of
                  | mutation]
  6682 | D:6      | Found a bloodstained altar of Trog.
  6785 | D:6      | Reached skill level 13 in Unarmed Combat
  7059 | D:6      | Reached XP level 10. HP: 46/63 MP: 10/10
  7768 | D:6      | Reached skill level 14 in Unarmed Combat
  8628 | D:7      | Found a runed translucent gate.
  8628 | D:7      | Found a runed translucent gate.
  8628 | D:7      | Found a runed translucent gate.
  8628 | D:7      | Noticed stringoo's ghost (novice OpGl)
  8645 | D:7      | Found a radiant altar of Vehumet.
  8707 | D:7      | Noticed Duvessa
  8707 | D:7      | Noticed Dowan
  8710 | D:7      | Killed Dowan
  8720 | D:7      | Killed Duvessa
  8990 | D:7      | Found a glowing golden altar of the Shining One.
  9134 | D:7      | Found a staircase to the Ecumenical Temple.
  9144 | Temple   | Entered the Ecumenical Temple
  9235 | Temple   | Became a worshipper of Gozag Ym Sagoz the Greedy
  9979 | D:8      | Reached skill level 15 in Unarmed Combat
 10683 | D:8      | Identified the amulet "Wovaohid" {Faith MP+9 Dex+2}
 11326 | D:9      | Found an iron altar of Okawaru.
 11716 | D:8      | Slain by a killer bee

Illustrated notes

Levels and vault maps discovered:
D:1:      lightli_arrival_statuegarden, layout_basic,
          hellmonk_ecumenical_altar_run_dry
D:2:      layout_loops_cross
D:3:      layout_basic, serial_shops, shop, uniq_pargi
D:4:      layout_basic, serial_forest, infiniplex_forest_clump_small,
          infiniplex_forest_lined_3_way, infiniplex_forest_end_1,
          infiniplex_forest_straight_3, infiniplex_forest_end_3,
          infiniplex_forest_lined_2, infiniplex_forest_side_room,
          infiniplex_forest_zigzag_1, minmay_shop_damaged, minmay_ruptured,
          uniq_natasha
D:5:      layout_rooms, mainiacjoe_overflow_chevrons, nzn_wu_jian_council_hall,
          gup_sewer_entry_pipe, chequers_avenue
D:6:      layout_loops_ring, trog_butcher_becter,
          nicolae_qazlal_scattered_showers, uniq_pikel, uniq_menkaure
D:7:      dreamdust_elfheim, layout_basic, nicolae_tso_besieged_by_evil,
          nicolae_vehumet_radiance, minmay_temple_entry_statues_fountains,
          gammafunk_ghost_nasty_kobolds
D:8:      layout_loops_cross, kennysheep_generic_room_2
D:9:      layout_loops_cross, okawaru_trees_1, old_standard_altar,
          ebering_ghost_rock_garden, minmay_misc_feat_square
Temple:   hellmonk_temple_forest_ring

Skill      XL: |  1  2  3  4  5  6  7  8  9 10 |
---------------+-------------------------------+-----
Unarmed Combat | 4 5 6 7 9 11 13 15 | 15.6
Stealth        | 3 5 |  5.0
Fighting       | |  3.0
Dodging        | |  3.0

Action                   |  1- 3 |  4- 6 |  7- 9 | 10-12 || total
-------------------------+-------+-------+-------+-------++-------
Melee: Unarmed           |    77 |    92 |       |       ||   169
       Constrict         |    20 |    22 |    35 |    27 ||   104
       Tentacles         |    14 |    28 |    45 |    46 ||   133
       Punch             |       |     9 |    20 |    15 ||    44
       Dagger            |       |     6 |   210 |   187 ||   403
Throw: Stone             |    17 |     2 |       |       ||    19
       Dart              |       |     8 |    26 |    11 ||    45
       Throwing net      |       |       |     1 |     1 ||     2
  Use: Scroll            |       |     3 |     5 |     1 ||     9
       Potion            |       |     2 |     4 |     5 ||    11
 Stab: Sleeping          |     3 |     3 |     9 |     6 ||    21
       Held in net/web   |       |       |     1 |       ||     1
Armor: Skin              |     6 |       |     9 |     5 ||    20
Dodge: Dodged            |    40 |    70 |   167 |   130 ||   407
Block: Other             |       |       |       |    41 ||    41
       Reflection        |       |       |       |     2 ||     2

Table legend: (Time is in decaauts)
 A = Elapsed time spent in this place.
 B = Non-inter-level travel time spent in this place.
 C = Inter-level travel time spent in this place.
 D = Time resting spent in this place.
 E = Time spent auto-exploring this place.
 F = Levels seen in this place.
 G = Mean time per level.
                   A        B        C        D        E       F      G
               +--------+--------+--------+--------+--------+-----+--------+
         Total |  11691 |  11085 |    606 |   1569 |   7591 |  11 | 1062.8 |
       Dungeon |  10919 |  10327 |    592 |   1569 |   7035 |   9 | 1213.2 |
        Temple |    100 |     86 |     14 |      0 |     74 |   1 |  100.0 |
         Sewer |    671 |    671 |      0 |      0 |    482 |   1 |  671.0 |
               +--------+--------+--------+--------+--------+-----+--------+

Top non-repeatable levels by time:
     D:6: 2677 daAuts
     D:4: 2294 daAuts
     D:8: 1565 daAuts
     D:5: 1150 daAuts
     D:7: 1112 daAuts
     D:1: 952 daAuts
   Sewer: 671 daAuts
     D:2: 666 daAuts
     D:9: 376 daAuts
     D:3: 123 daAuts
  Temple: 100 daAuts
